 Seeded DCSS version 0.30-a0-715-gdb4ae3ece1 (webtiles) character file.

Game seed: 5430720872467839093 (custom seed)

20360 OTABOTABOTAB the Fighter (level 12, -21/130 (138) HPs)
             Began as an Octopode Summoner on Jan 24, 2023.
             Was an Initiate of Gozag.
             Killed from afar by an orc sorcerer (33 damage)
             ... with a bolt of negative energy
             ... on level 2 of the Orcish Mines.
             The game lasted 00:52:07 (18428 turns).

OTABOTABOTAB the Fighter (Octopode Summoner)       Turns: 18428, Time: 00:52:07

HP:   -21/130 (138) AC: 26    Str: 13    XL:     12   Next: 78%
MP:   7/25          EV:  2    Int: 38    God:    Gozag
Gold: 232           SH:  5    Dex: 14    Spells: 5/29 levels left

rFire   + + .      SeeInvis .    h - +3 short sword of the Manifold Quests {flame, rElec Int+5}
rCold   + + .      Faith    .    (no shield)
rNeg    . . .      Spirit   .    (helmet currently unavailable)
rPois   +          Reflect  +    n - amulet of reflection
rElec   +          Harm     .    b - +6 ring of strength
rCorr   +          Rampage  .    C - ring of protection from cold {rC+, !d}
Will    +....      NoTele   +    Z - ring of wizardry {Wiz+, !d}
Stlth   ++                       F - ring of protection from fire {rF+, !d}
HPRegen 0.41/turn                Q - +4 ring of slaying
MPRegen 0.19/turn                I - +6 ring of intelligence
                                 u - +6 ring of intelligence
                                 W - ring of willpower

@: mighty, brilliant, tree-form, resistant, gold aura, hasted, drained,
invisible, very quick
A: stationary, stasis, torment immunity, boosted hp, almost no armour,
(amphibious), 8 rings, (camouflage 1), (gelatinous body 1), (nimble swimmer 1),
(tentacles)
a: End Transformation, Renounce Religion, Potion Petition, Call Merchant, Bribe
Branch


You were on level 2 of the Orcish Mines.
You worshipped Gozag.
Gozag was aware of your devotion.
You were a tree.
You visited 3 branches of the dungeon, and saw 14 of its levels.

You collected 3028 gold pieces.
You paid 2796 gold pieces to Gozag.

Inventory:

Hand Weapons
 h - the +3 short sword of the Manifold Quests (weapon) {flame, rElec Int+5}
   (You found it on level 3 of the Dungeon)

   Int:       It affects your intelligence (+5).
   rElec:     It insulates you from electricity.
Missiles
 i - 34 poisoned darts
 s - 109 stones (quivered)
 x - 3 silver boomerangs
 z - 10 boomerangs
Armour
 D - a +0 hat
   (You found it on level 9 of the Dungeon)
Magical Staves
 c - a staff of earth
   (You found it on level 10 of the Dungeon)
Jewellery
 a - a +4 ring of slaying
   (You found it on level 10 of the Dungeon)
 b - a +6 ring of strength (left branch)
   (You found it on level 1 of the Dungeon)
 n - an amulet of reflection (around neck)
   (You found it on level 11 of the Dungeon)
 t - an amulet of the acrobat
   (You found it on level 8 of the Dungeon)
 u - a +6 ring of intelligence (on tentacle)
   (You took it off a wight on level 9 of the Dungeon)
 w - a ring of positive energy {rN+}
   (You found it on level 4 of the Dungeon)
 C - a ring of protection from cold (right branch) {rC+, !d}
   (You found it on level 2 of the Dungeon)
 F - a ring of protection from fire (on tentacle) {rF+, !d}
   (You took it off a wight on level 6 of the Dungeon)
 I - a +6 ring of intelligence (on tentacle)
   (You found it on level 8 of the Dungeon)
 Q - a +4 ring of slaying (on tentacle)
   (You found it on level 6 of the Dungeon)
 W - a ring of willpower (on tentacle)
   (You found it on level 9 of the Dungeon)
 Z - a ring of wizardry (on tentacle) {Wiz+, !d}
   (You found it on level 11 of the Dungeon)
Wands
 d - a wand of digging (9)
   (You found it on level 9 of the Dungeon)
 j - a wand of polymorph (16)
   (You found it on level 7 of the Dungeon)
 m - a wand of roots (5)
   (You found it on level 4 of the Dungeon)
 p - a wand of paralysis (9)
   (You took it off Joseph on level 8 of the Dungeon)
 q - a wand of flame (19)
   (You found it on level 6 of the Dungeon)
Scrolls
 f - 4 scrolls of amnesia
 g - 2 scrolls of enchant weapon
 k - 4 scrolls of enchant armour
 o - 4 scrolls of acquirement {unknown}
 G - a scroll of brand weapon
 X - 2 scrolls of magic mapping {@r4!r}
Potions
 e - a potion of mutation {unknown}
 r - 3 potions of attraction {!q}
 v - a potion of might {unknown}
 B - 2 potions of brilliance
 H - a potion of haste
 J - 6 potions of curing {@q1}
 L - a potion of flight
 P - 2 potions of lignification {!q}
 R - 2 potions of resistance
 T - 3 potions of berserk rage {!q}
Miscellaneous
 l - a condenser vane
   (You found it on level 11 of the Dungeon)


   Skills:
 + Level 12.4 Fighting
 + Level 9.4 Dodging
 - Level 2.6 Stealth
 + Level 9.1 Spellcasting
 - Level 5.0 Hexes
 - Level 10.0 Summonings
 - Level 5.3 Translocations
 + Level 2.6 Transmutations
 + Level 5.9 Air Magic


You had 5 spell levels left.
You knew the following spells:

 Your Spells              Type           Power      Damage    Failure   Level
a - Summon Small Mammal   Summ           100%       N/A       1%          1
b - Call Canine Familiar  Summ           96%        N/A       1%          3
c - Call Imp              Summ           96%        N/A       1%          2
d - Summon Guardian Gole  Hex/Summ       84%        N/A       1%          3
e - Summon Lightning Spi  Summ/Air       86%        N/A       1%          4
f - Manifold Assault      Tloc           72%        N/A       1%          4
g - Storm Form            Tmut/Air       33%        N/A       75%         7

Your spell library contained the following spells:

 Spells                   Type           Power      Damage    Failure   Level
 Slow                     Hex            100%       N/A       1%          1
 Sting                    Tmut/Pois      100%       1d8       1%          1
 Blink                    Tloc           100%       N/A       1%          2
 Cigotuvi's Dreadful Rot  Necr/Pois/Air  96%        N/A       1%          2
 Poisonous Vapours        Pois/Air       100%       N/A       1%          2
 Static Discharge         Conj/Air       100%       2-7/arc   1%          2
 Confusing Touch          Hex            70%        N/A       1%          3
 Inner Flame              Hex/Fire       53%        N/A       1%          3
 Vhi's Electric Charge    Tloc/Air       100%       N/A       1%          3
 Vampiric Draining        Necr           26%        2d7       2%          3
 Arcjolt                  Conj/Air       28%        1d38      8%          5
 Lightning Bolt           Conj/Air       28%        1d44      8%          5
 Dispel Undead            Necr           26%        3d13      9%          4
 Flame Wave               Conj/Fire      26%        2d8       9%          4
 Olgreb's Toxic Radiance  Pois           26%        N/A       9%          4
 Sticky Flame             Conj/Fire      26%        2d5       9%          4
 Death Channel            Necr           13%        N/A       77%         6


Dungeon Overview and Level Annotations

Branches:
Dungeon (11/15)            Temple (1/1) D:4            Lair (0/5) D:11
    Orc (2/2) D:11
    Elf: Orc:2

Altars:
Ashenzari
Cheibriados
Dithmenos
Elyvilon
Fedhas
Gozag
Hepliaklqana
Kikubaaqudgha
Makhleb
Nemelex Xobeh
Okawaru
Qazlal
Ru
Sif Muna
Trog
Uskayaw
Vehumet
Wu Jian
Xom
Yredelemnul
Zin
The Shining One

Shops:
D:2 ?   D:9 *   Orc:1 :

Annotations:
D:4 1 runed translucent door, bande's ghost, novice GrFi
Orc:1 1 runed translucent door, Zenkrye's ghost, journeyman AtFi


Innate Abilities, Weirdness & Mutations

You are a tree.
Your roots penetrate the ground, keeping you stationary.
You cannot be teleported.
You are immune to unholy pain and torment.
Your maximum health is greatly increased.
You cannot wear most types of armour.
((You are amphibious.))
You can wear up to eight rings at the same time.
((Your skin changes colour to match your surroundings (Stealth+).))
((Your rubbery body absorbs attacks. (AC +1, EV +1)))
((You are camouflaged when in or above water. (Stealth+)))
((You have tentacles for arms and can constrict up to eight enemies at once.))


Message History

The ufetubus hits you.
* * * LOW HITPOINT WARNING * * *
You take 4 damage, and have 16/92 hp.
The orc priest mumbles some strange prayers to Beogh against you.
Beogh smites you!
* * * LOW HITPOINT WARNING * * *
The ufetubus closely misses you. You block the ufetubus's attack.
You take 12 damage, and have 4/92 hp.
The orc is no longer distracted by gold.
The orc wizard casts a spell.
The orc wizard flickers and vanishes!
The orc is distracted by your dazzling golden aura.
The ynoxinul gestures.
You feel a surge of power!
A guardian golem appears, shielding your allies.
You now have 10/25 mp.
You feel a surge of power!
An electric hum fills the air.
The ufetubus misses you. The ufetubus closely misses you.
The sixfirhy hits your lightning spire.
The sixfirhy shocks your lightning spire.
Your lightning spire completely resists.
The ufetubus barely misses you. The ufetubus hits you.
* * * LOW HITPOINT WARNING * * *
You take 3 damage, and have 1/92 hp.
You now have 9/25 mp.
Okay, then. [a] - 550 gold - invisibility, might, lignification and resistance [b] - 392 gold - haste and brilliance [c] - 377 gold - heal wounds and magic Purchase which effect?
You no longer have enough gold to petition Gozag for potion effects.
You fade into invisibility!
You feel mightier all of a sudden.
You turn into a tree.
Your roots penetrate the ground.
You feel protected. The sixfirhy hits your lightning spire.
The sixfirhy shocks your lightning spire.
Your lightning spire completely resists.
The sixfirhy barely misses your lightning spire.
The sixfirhy hits your lightning spire but does no damage.
The orc high priest hits your lightning spire but does no damage.
The cyclops hits your guardian golem!!
The orc sorcerer casts a spell.
The orc sorcerer casts a spell at you.
The bolt of negative energy hits something!
Reactivating autopickup.
The bolt of negative energy hits the ufetubus.
The ufetubus completely resists.
The bolt of negative energy hits your lightning spire.
Your lightning spire completely resists.
The bolt of negative energy hits the ufetubus.
The ufetubus completely resists.
The bolt of negative energy hits you but does no damage.
You now have 1/138 hp.
You feel better.
The sixfirhy hits your lightning spire but does no damage.
The ufetubus hits your guardian golem but does no damage.
The ufetubus hits your guardian golem.
The ufetubus is distracted by your dazzling golden aura.
The sixfirhy hits your lightning spire but does no damage.
The ynoxinul is distracted by your dazzling golden aura.
The ufetubus shouts!
You regained 11 hp, and now have 12/138 hp.
What are your orders? t - Creak!
Orders for allies: a - Attack new target. r - Retreat! s - Stop attacking. g - Guard the area. f - Follow me.
Anything else - Cancel.
Gang up on whom?
Aim: an orc high priest, wielding a +0 flail (unable to see you) Attack!
The ufetubus hits your guardian golem. x2
The orc high priest hits your lightning spire with a +0 flail.
You hear some strange, mumbled words.
A puff of flame appears from out of thin air!
The puff of flame hits your lightning spire.
Your lightning spire completely resists.
The orc hits your crimson imp with a +0 hand axe!
Your crimson imp hits the orc.
You feel a surge of power!
The ufetubus hits your guardian golem but does no damage.
The ufetubus barely misses your guardian golem.
Your lightning spire shoots out a bolt of lightning at the orc high priest!
The bolt of electricity hits the orc high priest!
The bolt of electricity hits the orc!!
The orc dies!
The bolt of electricity hits the ynoxinul!
The ynoxinul resists.
The ynoxinul is no longer distracted by gold.
The bolt of electricity hits your crimson imp!!
The cyclops throws a large rock.
The large rock hits your guardian golem!!
Your guardian golem is destroyed!
Your guardian golem disappears in a puff of smoke!
The orc sorcerer gestures at you while chanting.
The bolt of negative energy hits your warg!!
Your warg is drained!
Your warg dies!
Your warg's corpse disappears in a puff of smoke!
The bolt of negative energy hits you!!
You feel drained.
You die...
Your body crumbles into a pile of gold.

......9............
....................
#.#...C.o5o..o......
####....C3o.3.......
##.#$ooo.o.......
##oo35o..#....
#{855..#.....
##5C3...$#....
#♣§§o...###..$
##.###.## .. ### ...
$ .##. $


You could see an orc high priest (unable to see you, ally target), 2 cyclopes, a
sixfirhy (summoned, unable to see you), a smoke demon (summoned, wandering,
unable to see you), a neqoxec (summoned, unable to see you), a ynoxinul
(summoned, unable to see you), an orc sorcerer, 5 orc warriors, 4 orcs, 4
ufetubi, a friendly lightning spire (summoned, sheltered) and a friendly crimson
imp (summoned, sheltered).

Vanquished Creatures
  An orc knight (D:11)
  An ogre (D:11)
  A scorpion (D:5)
  Dowan (D:5)
  10 electric eels
  3 orc wizards
  3 gnolls
  An adder (D:2)
  A white imp (D:6)
  3 orcs
  A ball python (D:4)
  An endoplasm (D:2)
  A hobgoblin (D:1)
  2 jackals (D:1)
  A quokka (D:1)
  A frilled lizard (D:2)
  A kobold (D:10)
  A rat (D:3)
34 creatures vanquished.

Vanquished Creatures (collateral kills)
  3 two-headed ogres
  An ugly thing (D:11)
  An orc sorcerer (Orc:1)
  A cyclops (D:9)
  2 manticores
  Joseph (D:8)
  A gargoyle (D:11)
  Psyche (D:8)
  A komodo dragon (D:11)
  A troll (Orc:1)
  A hornet (D:8)
  2 shadows
  A water elemental (D:11)
  21 yaks
  2 wargs (Orc:1)
  An acid dragon (D:9)
  3 water moccasins
  8 orc warriors
  An ice beast (D:5)
  8 centaurs
  6 ogres
  2 kobold brigands
  Blork the orc (D:4)
  4 bullfrogs
  5 gnoll sergeants
  2 scorpions
  4 necrophages
  5 wights
  5 howler monkeys
  A crimson imp (D:7)
  A gnoll bouda (D:6)
  12 orc priests
  4 hounds
  A jelly (D:6)
  3 iguanas
  20 orc wizards
  30 gnolls
  9 adders
  A shadow imp (D:6)
  5 white imps
  A nameless horror (D:2)
  An ufetubus (D:5)
  3 worms (D:4)
  A dart slug (D:4)
  58 orcs
  3 bats
  7 endoplasms
  3 giant cockroaches
  4 goblins
  6 hobgoblins
  5 jackals
  11 kobolds
  4 quokkas
  7 ball pythons
  A frilled lizard (D:3)
  2 rats
299 creatures vanquished.

Vanquished Creatures (others)
  2 two-headed ogres
  An orc knight (Orc:1)
  A wizard (D:8)
  A troll (D:10)
  9 yaks
  A wraith (D:9)
  A wyvern (D:8)
  A warg (Orc:2)
  An acid dragon (D:6)
  Duvessa (D:5)
  6 orc warriors
  A sky beast (D:7)
  An ice beast (D:6)
  An ogre (Orc:1)
  A gnoll sergeant (D:8)
  A bullfrog (D:9)
  An orc priest (D:10)
  An orc wizard (Orc:2)
  2 gnolls
  8 orcs
42 creatures vanquished.

Grand Total: 375 creatures vanquished

Notes
Turn   | Place    | Note
-------+----------+-------------------------------------------
     0 | D:1      | OTABOTABOTAB the Octopode Summoner began the quest for the
                  | Orb.
     0 | D:1      | Reached XP level 1. HP: 11/11 MP: 3/3
   245 | D:1      | Reached XP level 2. HP: 14/17 MP: 0/5
   331 | D:1      | Learned a level 2 spell: Call Imp
  1224 | D:1      | Reached XP level 3. HP: 21/21 MP: 3/6
  1228 | D:1      | Learned a level 3 spell: Call Canine Familiar
  1527 | D:2      | Found Doddoiw's Magic Scroll Shoppe.
  1624 | D:2      | Noticed a necrophage
  1636 | D:2      | Killed a necrophage
  1637 | D:2      | Reached skill level 3 in Spellcasting
  1637 | D:2      | Reached skill level 5 in Summonings
  1637 | D:2      | Reached XP level 4. HP: 27/27 MP: 1/9
  1641 | D:2      | Learned a level 3 spell: Summon Guardian Golem
  1856 | D:2      | Reached XP level 5. HP: 25/32 MP: 3/10
  2628 | D:3      | Found a faded altar of an unknown god.
  2781 | D:3      | HP: 6/32 [orc priest/divine providence (16)]
  2811 | D:3      | HP: 5/32 [orc priest/divine providence (8)]
  2867 | D:3      | HP: 3/32 [orc priest/divine providence (16)]
  3056 | D:3      | Reached skill level 1 in Fighting
  3056 | D:3      | Reached skill level 1 in Hexes
  3199 | D:3      | Reached XP level 6. HP: 35/38 MP: 1/11
  3356 | D:3      | Found an iron altar of Okawaru.
  3469 | D:3      | Identified the +2 robe of Binutifa {rPois Dex+5}
  3572 | D:3      | Identified the +3 short sword of the Manifold Quests
                  | {flame, rElec Int+5}
  4617 | D:4      | Reached skill level 3 in Dodging
  4740 | D:4      | Noticed Blork the orc
  4749 | D:4      | Killed Blork the orc
  4750 | D:4      | Reached skill level 2 in Fighting
  4750 | D:4      | Reached skill level 4 in Spellcasting
  4750 | D:4      | Reached skill level 2 in Hexes
  4750 | D:4      | Reached XP level 7. HP: 41/45 MP: 6/13
  5432 | D:4      | You fall into a shaft and drop 1 floor!
  5432 | D:5      | Entered Level 5 of the Dungeon
  5472 | D:5      | Reached skill level 3 in Fighting
  5531 | D:5      | Reached skill level 6 in Summonings
  5644 | D:5      | Noticed a two-headed ogre
  5788 | D:4      | Found a runed translucent door.
  5792 | D:4      | Noticed bande's ghost (novice GrFi)
  5798 | D:4      | Found a staircase to the Ecumenical Temple.
  5807 | Temple   | Entered the Ecumenical Temple
  6153 | D:5      | Killed a two-headed ogre
  6154 | D:5      | Reached skill level 4 in Fighting
  6154 | D:5      | Reached skill level 4 in Dodging
  6154 | D:5      | Reached skill level 5 in Spellcasting
  6154 | D:5      | Reached skill level 3 in Hexes
  6154 | D:5      | Reached XP level 8. HP: 54/54 MP: 7/15
  6277 | D:5      | Reached skill level 5 in Fighting
  6458 | D:5      | Noticed Dowan
  6465 | D:5      | Noticed Duvessa
  6476 | D:5      | Killed Duvessa
  6477 | D:5      | Reached skill level 4 in Hexes
  6509 | D:5      | HP: 9/55 [Dowan/stone arrow (15)]
  6511 | D:5      | Killed Dowan
  7230 | D:6      | Found an opulent altar of Gozag.
  7238 | D:6      | Became a worshipper of Gozag Ym Sagoz the Greedy
  7253 | D:6      | Found a broken altar of Ashenzari.
  7291 | D:6      | Reached XP level 9. HP: 62/62 MP: 8/17
  7358 | D:6      | Found a white marble altar of Elyvilon.
  7358 | D:6      | Found an ancient bone altar of Kikubaaqudgha.
  7390 | D:6      | Found a blossoming altar of Fedhas.
  7390 | D:6      | Found a burning altar of Makhleb.
  7462 | D:6      | Reached skill level 5 in Dodging
  7590 | D:6      | Reached skill level 7 in Summonings
  7608 | D:6      | Reached skill level 6 in Fighting
  7867 | D:6      | Learned a level 4 spell: Summon Lightning Spire
  7872 | D:6      | Learned a level 4 spell: Manifold Assault
  8131 | D:6      | Reached skill level 5 in Hexes
  8219 | D:6      | Reached skill level 1 in Air Magic
  8230 | D:6      | Reached skill level 1 in Translocations
  8278 | D:6      | Noticed a two-headed ogre
  8292 | D:6      | Killed a two-headed ogre
  8293 | D:6      | Reached skill level 7 in Fighting
  8293 | D:6      | Reached skill level 6 in Spellcasting
  8293 | D:6      | Reached skill level 2 in Translocations
  8293 | D:6      | Reached skill level 2 in Air Magic
  9011 | D:7      | Reached XP level 10. HP: 71/71 MP: 9/19
  9097 | D:7      | Reached skill level 6 in Dodging
  9200 | D:7      | HP: 17/71 [something/puff of flame (3)]
  9699 | D:7      | Reached skill level 8 in Summonings
 10431 | D:8      | Noticed Joseph
 10452 | D:8      | Killed Joseph
 10453 | D:8      | Reached skill level 8 in Fighting
 10453 | D:8      | Reached skill level 3 in Translocations
 10453 | D:8      | Reached skill level 3 in Air Magic
 10737 | D:8      | Found a bloodstained altar of Trog.
 10750 | D:8      | Noticed a wizard
 10755 | D:8      | Killed a wizard
 11009 | D:8      | Reached skill level 4 in Air Magic
 11013 | D:8      | Reached skill level 4 in Translocations
 11129 | D:8      | Noticed Psyche
 11190 | D:8      | Killed Psyche
 11191 | D:8      | Reached skill level 7 in Spellcasting
 11527 | D:8      | Reached skill level 9 in Fighting
 11527 | D:8      | Reached XP level 11. HP: 80/80 MP: 12/21
 11580 | D:8      | Reached skill level 7 in Dodging
 12003 | D:9      | Noticed a manticore
 12011 | D:9      | Killed a manticore
 12349 | D:9      | Found a stormy altar of Qazlal.
 12723 | D:9      | Noticed a cyclops
 12731 | D:9      | Killed a cyclops
 12906 | D:9      | Reached skill level 9 in Summonings
 13184 | D:9      | Found Ysacrel's Fire Supplies.
 13401 | D:9      | Reached skill level 5 in Translocations
 13404 | D:9      | Reached skill level 5 in Air Magic
 13986 | D:9      | Learned a level 7 spell: Storm Form
 14029 | D:10     | Entered Level 10 of the Dungeon
 14058 | D:10     | Noticed a two-headed ogre
 14247 | D:10     | Noticed a two-headed ogre
 14269 | D:10     | Killed a two-headed ogre
 14270 | D:10     | Reached skill level 10 in Fighting
 14515 | D:10     | Reached skill level 8 in Dodging
 14524 | D:10     | Reached skill level 8 in Spellcasting
 14724 | D:10     | Killed a two-headed ogre
 14725 | D:10     | Reached skill level 11 in Fighting
 14725 | D:10     | Reached XP level 12. HP: 90/90 MP: 12/24
 15172 | D:11     | Reached skill level 10 in Summonings
 16018 | D:11     | Found a staircase to the Lair.
 16078 | D:11     | Reached skill level 9 in Dodging
 16352 | D:11     | Reached skill level 12 in Fighting
 16535 | D:11     | Found a staircase to the Orcish Mines.
 16602 | Orc:1    | Entered Level 1 of the Orcish Mines
 16699 | D:11     | HP: 18/91 [orc knight/+0 long sword (9)]
 16705 | D:11     | Reached skill level 1 in Transmutations
 17508 | Orc:1    | Reached skill level 9 in Spellcasting
 17508 | Orc:1    | Reached skill level 2 in Transmutations
 17525 | Orc:1    | Noticed a two-headed ogre
 17533 | Orc:1    | Killed a two-headed ogre
 17733 | Orc:1    | Found Alunaheu's Vocational Training.
 17770 | Orc:1    | Found a runed translucent door.
 17774 | Orc:1    | Noticed Zenkrye's ghost (journeyman AtFi)
 18123 | Orc:2    | Entered Level 2 of the Orcish Mines
 18123 | Orc:2    | Noticed a two-headed ogre
 18412 | Orc:2    | Noticed an orc high priest
 18414 | Orc:2    | HP: 23/92 [ufetubus[an orc high priest] (2)]
 18420 | Orc:2    | HP: 15/92 [ufetubus[an orc high priest] (5)]
 18421 | Orc:2    | HP: 4/92 [orc priest/divine providence (12)]
 18424 | Orc:2    | HP: 1/92 [ufetubus[an orc high priest] (4)]
 18428 | Orc:2    | Killed from afar by an orc sorcerer

Illustrated notes

Levels and vault maps discovered:
D:1:      dpeg_arrival_boxes_within_box, layout_basic
D:2:      layout_loops_ring, serial_shops, shop, nicolae_kite_square_tiling_tiny
D:3:      layout_rooms, okawaru_metal_pillars_3, ebering_ecumenical_altar_rust
D:4:      layout_basic, minmay_temple_entry_overgrown, ebering_ghost_sewer_d,
          minmay_manual_monstrance, uniq_blork_the_orc
D:5:      layout_basic, uniq_duvessa
D:6:      layout_gridville, mainiacjoe_overflow_tiny_flanked,
          grunt_temple_overflow_open, cheibrodos_ashenzari_chains, minivault_5,
          minmay_pentangle
D:7:      layout_cave_pools, minmay_fire_ice_demons
D:8:      layout_basic, trog_wizard, chequers_serial_rivers_marsh, uniq_psyche,
          uniq_joseph
D:9:      minmay_ornate_pinched, layout_basic, general_overflow_altar,
          roderic_serpentine_path, nicolae_shop_fire_sale
          [nicolae_sub_dead_trees], minmay_crystal_water, grunt_ministairs_1
D:10:     layout_cave_pools, dk_noncrumbling_3
D:11:     layout_cave_pools, lair_entry_dummy, erik_orc_2
Temple:   oiseaux_autumnal_temple
Orc:1:    layout_caves, hellmonk_ghost_happy_afterlife, nicolae_shop_vocational
Orc:2:    st_orc_mages, layout_caves

Skill      XL: |  1  2  3  4  5  6  7  8  9 10 11 12 |
---------------+-------------------------------------+-----
Spellcasting   | 3 4 5 6 7 8 9 |  9.1
Summonings     | 5 6 7 8 9 10 | 10.0
Fighting       | 1 2 4 5 7 9 11 12 | 12.4
Hexes          | 1 2 3 4 5 |  5.0
Dodging        | 3 4 5 6 8 9 |  9.4
Air Magic      | 2 4 5 |  5.9
Translocations | 2 4 5 |  5.3
Transmutations | 2 |  2.6
Stealth        | |  2.6

Action                     |  1- 3 |  4- 6 |  7- 9 | 10-12 || total
---------------------------+-------+-------+-------+-------++-------
  Melee: Dagger            |    20 |    13 |       |       ||    33
         Constrict         |     5 |     5 |     3 |     5 ||    18
         Tentacles         |     2 |     4 |     2 |     1 ||     9
         Unarmed           |     1 |       |       |       ||     1
         Short sword       |       |     1 |     5 |    23 ||    29
         Punch             |       |       |       |     2 ||     2
  Throw: Stone             |     4 |    11 |     2 |       ||    17
   Cast: Summon Small Mamm |    28 |    26 |    52 |    88 ||   194
         Call Imp          |    14 |    16 |    26 |    45 ||   101
         Call Canine Famil |     3 |    23 |    28 |    47 ||   101
         Summon Guardian G |       |       |    14 |    68 ||    82
         Summon Lightning  |       |       |       |    94 ||    94
 Invoke: Potion Petition   |       |       |       |     6 ||     6
  Evoke: Wand              |       |       |       |    26 ||    26
    Use: Scroll            |       |    13 |     7 |     7 ||    27
         Potion            |       |       |       |     8 ||     8
   Stab: Distracted        |       |       |       |     2 ||     2
         Paralysed         |       |       |       |     4 ||     4
 Armour: Skin              |     4 |     1 |       |     5 ||    10
  Dodge: Dodged            |    24 |     9 |    10 |   106 ||   149
  Block: Other             |       |       |       |     7 ||     7
         Reflection        |       |       |       |     1 ||     1

Table legend: (Time is in decaauts)
 A = Elapsed time spent in this place.
 B = Non-inter-level travel time spent in this place.
 C = Inter-level travel time spent in this place.
 D = Time resting spent in this place.
 E = Time spent auto-exploring this place.
 F = Levels seen in this place.
 G = Mean time per level.
                   A        B        C        D        E       F      G
               +--------+--------+--------+--------+--------+-----+--------+
         Total |  18394 |  17943 |    451 |   3094 |  11692 |  14 | 1313.9 |
       Dungeon |  16659 |  16285 |    374 |   2604 |  10873 |  11 | 1514.5 |
        Temple |    224 |    207 |     17 |      0 |    193 |   1 |  224.0 |
  Orcish Mines |   1510 |   1451 |     59 |    490 |    626 |   2 |  755.0 |
               +--------+--------+--------+--------+--------+-----+--------+

Top non-repeatable levels by time:
     D:9: 2394 daAuts
     D:6: 2056 daAuts
     D:4: 1907 daAuts
    D:11: 1791 daAuts
     D:8: 1627 daAuts
   Orc:1: 1475 daAuts
     D:1: 1380 daAuts
     D:5: 1246 daAuts
     D:3: 1188 daAuts
     D:2: 1171 daAuts
     D:7: 1135 daAuts
    D:10: 759 daAuts
  Temple: 224 daAuts
   Orc:2: 35 daAuts

Table legend:
 A = Kills in this place as a percentage of kills in entire the game.
 B = Kills by you in this place as a percentage of kills by you in the entire game.
 C = Kills by friends in this place as a percentage of kills by friends in the entire game.
 D = Other kills in this place as a percentage of other kills in the entire game.
 E = Experience gained in this place as a percentage of experience gained in the entire game.
 F = Experience gained in this place divided by the number of levels of this place that you have seen.
                   A       B       C       D       E      F
               +-------+-------+-------+-------+-------+----------------------
         Total | 100.0 | 100.0 | 100.0 | 100.0 | 100.0 | 2077.9
       Dungeon |  89.2 | 100.0 |  88.6 |  85.0 |  85.1 | 2251.5
  Orcish Mines |  10.8 |   0.0 |  11.4 |  15.0 |  14.9 | 2162.0
               +-------+-------+-------+-------+-------+----------------------
